 Dungeon Sprint DCSS version 0.26-a0-663-g36e8fdb655 (webtiles) character file.

Game seed: 6112371987287881246

7 mhtbhm the Digger (level 2, 0/15 HPs)
             Began as a Gargoyle Earth Elementalist on Oct 10, 2020.
             Slain by Crazy Yiuf
             ... wielding a +4 quarterstaff of chaos
              (4 damage)
             ... in the Dungeon (Sprint III: "The Ten Rune Challenge").
             The game lasted 00:00:44 (188 turns).

mhtbhm the Digger (Gargoyle Earth Elementalist)      Turns: 188, Time: 00:00:44

Health: 0/15       AC:  4    Str: 11    XL:     2   Next: 0%
Magic:  2/5        EV: 12    Int: 13    God:
Gold:   21         SH:  0    Dex: 10    Spells: 3/6 levels left

rFire    . . .     SeeInvis .   (no weapon)
rCold    . . .     Faith    .   (no shield)
rNeg     + . .     Spirit   .   c - +0 robe
rPois    ∞         Reflect  .   (no helmet)
rElec    +         Harm     .   (no cloak)
rCorr    .         Rampage  .   (no gloves)
MR       .....     Clarity  +   (no boots) Stlth ++........NoTele +
                                (no amulet)
HPRegen  0.05/turn              (no ring)
MPRegen  0.09/turn              (no ring)

@: flying
A: big wings, talons 1, clarity, dopey 1, negative energy resistance 1,
electricity resistance, wild magic 1, unbreathing, petrification resistance, rot
immunity, AC +2
a: Stop Flying


You were in the Dungeon.
You visited 1 branch You collected 21 gold pieces.

Inventory:

Missiles
 b - 22 stones (quivered)
Armour
 c - a +0 robe (worn)
Scrolls
 a - 3 scrolls of identify {unknown}
 i - a scroll of blinking
 l - 2 scrolls of immolation {unknown}
 m - 2 scrolls of remove curse
 o - a scroll of enchant weapon {unknown}
Potions
 d - 2 potions of curing
 e - a potion of heal wounds
 f - a potion of haste
 g - 2 potions of magic
 h - 2 potions of berserk rage
 j - a potion of degeneration {unknown}
 n - a potion of flight {unknown}
 p - a potion of cancellation {unknown}


   Skills:
 + Level 1.9 Dodging
 + Level 2.5 Stealth
 + Level 2.5 Spellcasting
 + Level 0.7 Transmutations
 + Level 5.0 Earth Magic


You had 3 spell levels left.
You knew the following spells:

 Your Spells              Type           Power        Failure   Level
a - Sandblast             Erth           ###...       5%          1
b - Passwall              Tmut/Erth      ##......     16%         2

Your spell library contained the following spells:

 Spells                   Type           Power        Failure   Level
 Stone Arrow              Conj/Erth      ##....       34%         3
 Petrify                  Tmut/Erth      ##......     67%         4
 Lee's Rapid Deconstruct  Erth           ###.......   73%         5


Dungeon Overview and Level Annotations

Branches:
Dungeon (1/1)

Altars:

Annotations:
D Crazy Yiuf


Innate Abilities, Weirdness & Mutations

You are resistant to torment.
Your stone body is resilient. (AC +2)
You are immune to poison.
You resist negative energy. (rN+)
You are resistant to electric shocks. (rElec)
You can survive without breathing.
You are immune to petrification.
You are immune to rotting.
Your large and strong wings let you fly indefinitely.
You have sharp toenails.
You possess an exceptional clarity of mind.
You are dopey. (Int -2)
Your spells are a little harder to cast, but a little more powerful.


Message History

Aiming: Sandblast (safe; 5% risk of failure)
Press: ? - help, Shift-Dir - straight line, f/p - Crazy Yiuf
Aim: Crazy Yiuf, wielding a +4 quarterstaff of chaos and wearing a +2 cloak The blast of sand hits Crazy Yiuf.
Crazy Yiuf is lightly wounded.
b - 23 stones Unknown command.
Casting: Sandblast (safe; 5% risk of failure)
Confirm with . or Enter, or press ? or * to list all spells.
Aiming: Sandblast (safe; 5% risk of failure)
Press: ? - help, Shift-Dir - straight line, f/p - Crazy Yiuf
Aim: Crazy Yiuf, wielding a +4 quarterstaff of chaos and wearing a +2 cloak (lightly wounded)
The blast of sand hits Crazy Yiuf but does no damage.
Crazy Yiuf is lightly wounded.
b - 22 stones Crazy Yiuf hits you with a +4 quarterstaff of chaos!
Ouch! That really hurt!
* * * LOW HITPOINT WARNING * * *
Crazy Yiuf freezes you.
You die...

▓▓▓▓▓▓▓▓▓
▓<..#...####
▓...#......#####
▓..##.......#.@#
▓##.##.##...#.g#
##.##.###..##'#
▓#.####.##..###.p.+
▓.###..##..## ...#
▓#.....##..# ...#
###..##†..# ...#
##..##....# ...#
#..###..##. ...#


You could see Crazy Yiuf.

Vanquished Creatures
  An ooze (D)
  3 rats (D)
4 creatures vanquished.

Vanquished Creatures (others)
  2 plants (D)
2 creatures vanquished.

Grand Total: 6 creatures vanquished

Notes
Turn   | Place    | Note
-------+----------+-------------------------------------------
     0 | D        | mhtbhm the Gargoyle Earth Elementalist began the quest for
                  | the Orb.
     0 | D        | Reached XP level 1. HP: 10/10 MP: 3/3
    11 | D        | Reached skill level 4 in Earth Magic
    82 | D        | Reached skill level 5 in Earth Magic
    82 | D        | Reached XP level 2. HP: 15/15 MP: 2/5
   120 | D        | Learned a level 2 spell: Passwall
   137 | D        | Gained mutation: Your spells are a little harder to cast,
                  | but a little more powerful. [potion of mutation]
   137 | D        | Gained mutation: You are clumsy. (Dex -2) [potion of
                  | mutation]
   137 | D        | Lost mutation: Your spells are a little harder to cast, but
                  | a little more powerful. [potion of mutation]
   137 | D        | Gained mutation: You have sharp toenails. [potion of
                  | mutation]
   138 | D        | Lost mutation: You are clumsy. (Dex -2) [potion of
                  | mutation]
   138 | D        | Gained mutation: Your large and strong wings let you fly
                  | indefinitely. [potion of mutation]
   138 | D        | Gained mutation: Your spells are a little harder to cast,
                  | but a little more powerful. [potion of mutation]
   138 | D        | Gained mutation: You are dopey. (Int -2) [potion of
                  | mutation]
   138 | D        | Gained mutation: You possess an exceptional clarity of
                  | mind. [potion of mutation]
   181 | D        | Noticed Crazy Yiuf
   188 | D        | Slain by Crazy Yiuf

Illustrated notes

Levels and vault maps discovered:
D:        dungeon_sprint_mu [sprint_mu_entry_cave, sprint_mu_temple_rooms,
          sprint_mu_d1_spiders, sprint_mu_d2_genie, sprint_mu_d3_branching,
          sprint_mu_orc_legion, sprint_mu_elf_gauntlet, sprint_mu_hive_nellie,
          sprint_mu_lair_fedhas, sprint_mu_vaults_butterflies,
          sprint_mu_slime_circle, sprint_mu_swamp_cave, sprint_mu_snake_twists,
          sprint_mu_blade_basic, sprint_mu_crypt_chambers,
          sprint_mu_tomb_spiral, sprint_mu_vestibule_basic,
          sprint_mu_gehenna_hellfire, sprint_mu_dis_giant,
          sprint_mu_tartarus_statrot, sprint_mu_cocytus_islands, sprint_mu_zot1]

Skill      XL: |  1 |
---------------+----+-----
Earth Magic    | 5 |  5.0
Dodging        | |  1.9
Stealth        | |  2.5
Spellcasting   | |  2.5
Transmutations | |  0.7

Action                   || total
-------------------------++-------
 Cast: Sandblast         ||     8
       Passwall          ||     1
 Abil: Fly               ||     1
  Use: Potion            ||     2

Table legend: (Time is in decaauts)
 A = Elapsed time spent in this place.
 B = Non-inter-level travel time spent in this place.
 C = Inter-level travel time spent in this place.
 D = Time resting spent in this place.
 E = Time spent auto-exploring this place.
 F = Levels seen in this place.
 G = Mean time per level.
                   A        B        C        D        E       F      G
               +--------+--------+--------+--------+--------+-----+--------+
         Total |    188 |    188 |      0 |    104 |     18 |   1 |  188.0 |
       Dungeon |    188 |    188 |      0 |    104 |     18 |   1 |  188.0 |
               +--------+--------+--------+--------+--------+-----+--------+

Top non-repeatable levels by time:
       D: 188 daAuts
